 Dungeon Crawl Stone Soup version 0.21-a0-504-g2eda33064f (webtiles) character file.

28 Kaname the Magician (level 3, 23/24 HPs)
             Began as a Demonspawn Wizard on Nov 26, 2017.
             Quit the game on level 1 of the Dungeon.
             The game lasted 00:02:11 (703 turns).

Kaname the Magician (Demonspawn Wizard)              Turns: 703, Time: 00:02:12

Health: 23/24      AC:  4    Str:  7    XL:     3   Next: 0%
Magic:  1/7        EV: 12    Int: 20    God:
Gold:   14         SH:  0    Dex: 11    Spells: 5/8 levels left

rFire    . . .     SeeInvis .   g - +0 short sword
rCold    . . .     Gourm    .   (no shield)
rNeg     . . .     Faith    .   a - +0 robe
rPois    .         Spirit   .   b - +0 hat
rElec    .         Reflect  .   (no cloak)
rCorr    .         Harm     .   (no gloves)
MR       .....                  (no boots)
Stlth    ++........             (no amulet)
HPRegen  0.08/turn              (no ring)
MPRegen  0.10/turn              (no ring)

@: no status effects
A: thin metallic scales 1, powered by pain 1
a: no special abilities


You were on level 1 of the Dungeon.
You were not hungry.

You visited 1 branch of the dungeon, and saw 1 of its levels.

You collected 14 gold pieces.

Inventory:

Hand Weapons
 g - a +0 short sword (weapon)
Armour
 a - a +0 robe (worn)
 b - a +0 hat (worn)
Scrolls
 f - 2 scrolls of identify {unknown}
Potions
 e - a potion of brilliance {unknown}
 h - a potion of magic {unknown}
Books
 c - a book of Minor Magic

   Spells                             Type                      Level
   a - Magic Dart                     Conjuration                  1
   b - Blink                          Translocation                2
   c - Call Imp                       Summoning                    2
   d - Slow                           Hexes                        2
   e - Conjure Flame                  Conjuration/Fire             3
   f - Mephitic Cloud                 Conjuration/Poison/Air       3
Comestibles
 d - a bread ration
 i - a chunk of flesh


   Skills:
 - Level 1.7 Dodging
 - Level 1.7 Stealth
 - Level 3.0 Spellcasting
 - Level 3.0 Conjurations
   Level 1.0 Summonings
 + Level 0.9 Translocations


You had 5 spell levels left.
You knew the following spells:

 Your Spells              Type           Power        Failure   Level  Hunger
a - Magic Dart            Conj           ###.         4%          1    None
b - Blink                 Tloc           N/A          14%         2    ##.....


Dungeon Overview and Level Annotations

Branches:
Dungeon (1/15)

Altars:


Innate Abilities, Weirdness & Mutations

You are partially covered in thin metallic scales. (AC +2)
You sometimes gain a little power by taking damage.


Message History

Press: ? - help, Shift-Dir - straight line, f - bat
Aim: a bat (resting)
The magic dart hits the bat.
You kill the bat!
A rat and a hobgoblin come into view.
Found a hand axe and a fuming yellow potion.
There are monsters nearby!
There are monsters nearby!
There are monsters nearby!
You start resting.
You closely miss the rat. The rat barely misses you.
You closely miss the rat. The rat barely misses you.
You hit the rat.
You kill the rat!
You have reached level 3!
Your experience leads to an increase in your attributes!
Increase (S)trength, (I)ntelligence, or (D)exterity?
You feel clever.
Your demonic ancestry asserts itself...
Thin metallic scales grow over part of your body.
Are you sure you want to abandon this character and quit the game? (Confirm with "yes".)

..###.#######.#######
)†...................
...##.#...##..########
##.##.+.†...........†.
..
#.####...###..########.#
#.# #...# ##.## .......
#+## #...# ##..# .......
#...# #####
#...##!...... ....#
#...@#......) ....#
#...†#.....g. ....#
####......# ....#
#......# ....# ##.....#
.#+## #.#####.# ##
#..####.# ##.#########
##.#$[..# ...##......#
#.#....#


There were no monsters in sight!

Vanquished Creatures
  An ooze (D:1)
  A dart slug (D:1)
  A leopard gecko (D:1)
  A giant cockroach (D:1)
  2 goblins (D:1)
  2 hobgoblins (D:1)
  2 jackals (D:1)
  3 bats (D:1)
  4 kobolds (D:1)
  5 rats (D:1)
22 creatures vanquished.

Notes
Turn   | Place    | Note
-------+----------+-------------------------------------------
     0 | D:1      | Kaname the Demonspawn Wizard began the quest for the Orb.
     0 | D:1      | Reached XP level 1. HP: 13/13 MP: 4/4
   225 | D:1      | Gained mutation: You sometimes gain a little power by taking damage. [demonic ancestry]
   225 | D:1      | Reached XP level 2. HP: 8/19 MP: 1/6
   229 | D:1      | Learned a level 2 spell: Blink
   702 | D:1      | Gained mutation: You are partially covered in thin metallic scales. (AC +2) [demonic ancestry]
   702 | D:1      | Reached XP level 3. HP: 23/24 MP: 1/7
   703 | D:1      | Quit the game

Vault maps used:
D:1:      lightli_iron_boxes

Skill      XL: |  1  2 |
---------------+-------+-----
Conjurations   | 2 3 |  3.0
Dodging        | |  1.7
Stealth        | |  1.7
Spellcasting   | |  3.0
Summonings     | |  1.0
Translocations | |  0.9

Action                   || total
-------------------------++-------
Melee: Unarmed           ||     2
       Short sword       ||    19
 Cast: Magic Dart        ||    51
Armor: Robe              ||     6
Dodge: Dodged            ||    21

Table legend:
 A = Spawn XP
 B = Non-spawn XP
 C = Spawn XP percentage of total XP
 D = Spawn monster count
 E = Non-spawn monster count
 F = Spawn count percentage of total count
 G = Total turns spent on level
                    A         B        C        D         E        F      G
               +---------+---------+-------+---------+---------+-------+---------
         Total |       0 |      41 |   0.0 |       0 |      22 |   0.0 |   703
               +---------+---------+-------+---------+---------+-------+---------
           D:1 |       0 |      41 |   0.0 |       0 |      22 |   0.0 |   703
               +---------+---------+-------+---------+---------+-------+---------
